 Dungeon Crawl Stone Soup version 0.23-a0-582-g1b4a0ca (webtiles) character file.

112 kr3s1m1r the Magician (level 4, -1/24 HPs)
             Began as a Deep Elf Fire Elementalist on Dec 16, 2018.
             Slain by an iguana (9 damage)
             ... on level 3 of the Dungeon.
             The game lasted 00:04:32 (2632 turns).

kr3s1m1r the Magician (Deep Elf Fire Elementalist)  Turns: 2632, Time: 00:04:33

Health: -1/24      AC:  2    Str:  2 (5)  XL:     4   Next: 63%
Magic:  7/11       EV: 13    Int: 20 (21) God:
Gold:   103        SH:  0    Dex: 15      Spells: 10/11 levels left

rFire    . . .     SeeInvis .   g - +1 dagger (speed)
rCold    . . .     Gourm    .   (no shield)
rNeg     . . .     Faith    .   a - +0 robe
rPois    .         Spirit   .   (helmet restricted)
rElec    .         Reflect  .   (no cloak)
rCorr    .         Harm     .   (no gloves)
MR       .....                  (no boots)
Stlth    +.........             (no amulet)
HPRegen  0.08/turn              l - ring of attention (curse)
MPRegen  0.12/turn              (no ring)

@: no status effects
A: horns 1, low mp 1
a: no special abilities


You were on level 3 of the Dungeon.
You were not hungry.

You visited 1 branch of the dungeon, and saw 3 of its levels.

You collected 103 gold pieces.

Inventory:

Hand Weapons
 g - a +1 dagger of speed (weapon)
Armour
 a - a +0 robe (worn)
Jewellery
 l - a cursed ring of attention (left hand)
 r - an uncursed amulet of magic regeneration {unknown}
Scrolls
 b - a scroll of remove curse {unknown}
 e - a scroll of enchant armour {unknown}
 h - 2 scrolls of identify
 i - a scroll of noise {unknown}
 o - a scroll of fog {unknown}
 p - a scroll of magic mapping {unknown}
Potions
 d - a potion of curing
 f - 2 potions of magic
 j - a potion of resistance {unknown}
 k - a potion of degeneration
 m - 2 potions of might {unknown}
 n - 2 potions of brilliance
 s - a potion of invisibility {unknown}
Comestibles
 c - 5 rations
 q - a chunk of flesh


   Skills:
 + Level 3.3 Dodging
 + Level 3.6 Stealth
 + Level 4.0 Spellcasting
 + Level 2.3 Conjurations
 + Level 4.0 Fire Magic


You had 10 spell levels left.
You knew the following spells:

 Your Spells              Type           Power        Failure   Level  Hunger
z - Flame Tongue          Conj/Fire      ###..        3%          1    None

Your spell library contained the following spells:

 Spells                   Type           Power        Failure   Level  Hunger
 Throw Flame              Conj/Fire      ###...       5%          2    #......
 Conjure Flame            Conj/Fire      ###.....     11%         3    ###....
 Inner Flame              Hex/Fire       ##......     17%         3    ###....
 Sticky Flame             Conj/Fire      ###.....     34%         4    ####...
 Fireball                 Conj/Fire      ###.......   69%         5    ######.


Dungeon Overview and Level Annotations

Branches:
Dungeon (3/15)

Altars:
Nemelex Xobeh

Annotations:
D:3 exclusion: door, Sigmund


Innate Abilities, Weirdness & Mutations

You have a pair of small horns on your head.
Your magical capacity is low. (-10% MP)


Message History

The flame tongue hits the iguana.
The iguana is moderately wounded.
The iguana closely misses you.
Casting: Flame Tongue (safe; 3% risk of failure)
Confirm with . or Enter, or press ? or * to list all spells.
Aiming: Flame Tongue (safe; 3% risk of failure)
Press: ? - help, Shift-Dir - straight line, f/p - iguana
Aim: an iguana (moderately wounded)
The flame tongue misses the iguana.
The iguana bites you.
* * * LOW HITPOINT WARNING * * *
Your magical contamination has completely faded away.
Casting: Flame Tongue (safe; 3% risk of failure)
Confirm with . or Enter, or press ? or * to list all spells.
Aiming: Flame Tongue (safe; 3% risk of failure)
Press: ? - help, Shift-Dir - straight line, f/p - iguana
Aim: an iguana (moderately wounded)
The flame tongue hits the iguana.
The iguana is almost dead.
The iguana bites you!
You die...

#........###.##..#.#.#)#
#........#.......#.#...#
#####...[...####.#.###.#
#...((..+ ..#......
#.......# #######.#
#.......# #.# #.......#
#.# #..l....# ####.#
#..@....# #.....
#.(.....# #.##.♣
#.......# #.##≈≈
#.......# #.##≈≈
#.......# #.#≈≈≈
######### ##'#♣♣≈
#...♣♣≈ #...♣≈≈ #..♣♣≈≈


You could see an iguana.

Vanquished Creatures
  A worker ant (D:2)
  3 adders (D:2)
  2 worms
  A dart slug (D:2)
  A leopard gecko (D:3)
  6 bats
  6 giant cockroaches
  9 goblins
  3 hobgoblins (D:1)
  4 jackals (D:3)
  A ball python (D:1)
  4 frilled lizards
  9 kobolds
  3 rats
53 creatures vanquished.

Vanquished Creatures (others)
  A plant (D:3)
1 creature vanquished.

Grand Total: 54 creatures vanquished

Notes
Turn   | Place    | Note
-------+----------+-------------------------------------------
     0 | D:1      | kr3s1m1r the Deep Elf Fire Elementalist began the quest for
                  | the Orb.
     0 | D:1      | Reached XP level 1. HP: 10/10 MP: 6/6
   288 | D:1      | Reached XP level 2. HP: 15/15 MP: 2/8
  1189 | D:2      | Reached XP level 3. HP: 13/19 MP: 3/10
  1195 | D:2      | Gained mutation: Your magical capacity is low. (-10% MP)
                  | [potion of mutation]
  1195 | D:2      | Gained mutation: You have a pair of small horns on your
                  | head. [potion of mutation]
  1561 | D:2      | Found a sparkling altar of Nemelex Xobeh.
  1569 | D:2      | Reached XP level 4. HP: 24/24 MP: 5/10
  2484 | D:3      | Noticed Sigmund
  2632 | D:3      | Slain by an iguana

Vault maps used:
D:1:      lightli_molten_gateway
D:2:      nemelex_xobeh_ov_fountains_minmay, lemuel_old_faithful
D:3:      serial_bayou_lake_a, uniq_sigmund

Skill      XL: |  1  2  3  4 |
---------------+-------------+-----
Stealth        | 3 |  3.6
Dodging        | 3 |  3.3
Conjurations   | 2 |  2.3
Spellcasting   | 4 |  4.0
Fire Magic     | 4 |  4.0

Action                   |  1- 3 |  4- 6 || total
-------------------------+-------+-------++-------
Melee: Dagger            |     1 |    11 ||    12
       Headbutt          |       |     2 ||     2
 Cast: Flame Tongue      |    64 |    47 ||   111
  Use: Scroll            |     2 |       ||     2
       Potion            |     5 |       ||     5
  Eat: Chunk             |     2 |     3 ||     5
Armor: Robe              |     6 |     5 ||    11
Dodge: Dodged            |    22 |    18 ||    40

Table legend:
 A = Non-vault XP
 B = Vault XP
 C = Vault XP percentage of total XP
 D = Non-vault monster count
 E = Vault monster count
 F = Vault count percentage of total count
                 A         B        C        D         E       F
            +---------+---------+-------+---------+---------+-------
      Total |     160 |       0 |   0.0 |      53 |       0 |   0.0
            +---------+---------+-------+---------+---------+-------
        D:1 |      39 |       0 |   0.0 |      25 |       0 |   0.0
        D:2 |      95 |       0 |   0.0 |      14 |       0 |   0.0
        D:3 |      26 |       0 |   0.0 |      14 |       0 |   0.0
            +---------+---------+-------+---------+---------+-------
